 Dungeon Crawl Stone Soup version 0.28.0-53-g5a82cb258f (webtiles) character file.

Game seed: 11409768302221846216

264 Zeld the Skirmisher (level 5, 0/72 HPs)
             Began as a Minotaur Berserker on May 22, 2022.
             Was a Believer of Trog.
             Slain by a scorpion (2 damage)
             ... on level 5 of the Dungeon.
             The game lasted 00:02:04 (3525 turns).

Zeld the Skirmisher (Minotaur Berserker)            Turns: 3525, Time: 00:02:05

Health: 0/72       AC:  6    Str: 24    XL:     5   Next: 98%
Magic:  4/4        EV: 12    Int:  4    God:    Trog [**....]
Gold:   211        SH:  0    Dex:  9    Spells: 4/4 levels left

rFire   . . .      SeeInvis .   a - +0 hand axe
rCold   . . .      Faith    .   (no shield)
rNeg    . . .      Spirit   .   b - +0 animal skin
rPois   .          Reflect  .   (helmet restricted)
rElec   .          Harm     .   u - +0 cloak
rCorr   .          Rampage  .   t - +1 pair of gloves
Will    .....                   p - +0 pair of boots
Stlth   ..........              (no amulet)
HPRegen 0.22/turn               (no ring)
MPRegen 0.09/turn               (no ring)

@: berserking, lethally poisoned (0 -> -14), very quick
A: horns 2, retaliatory headbutt
a: Renounce Religion, Berserk, Trog's Hand


You were on level 5 of the Dungeon.
You worshipped Trog.
Trog was pleased with you.
You visited 1 branch of the dungeon, and saw 5 of its levels.

You collected 211 gold pieces.

Inventory:

Hand Weapons
 a - a +0 hand axe (weapon)
Armour
 b - a +0 animal skin (worn)
 p - a +0 pair of boots (worn)
 t - a +1 pair of gloves (worn)
 u - a +0 cloak (worn)
Jewellery
 r - a ring of flight
Wands
 i - a wand of iceblast (12)
 w - a wand of paralysis (9)
Scrolls
 c - 2 scrolls of amnesia {unknown}
 e - a scroll of blinking {unknown}
 g - 2 scrolls of teleportation {unknown}
 h - a scroll of noise {unknown}
 j - a scroll of summoning {unknown}
 k - a scroll of fear {unknown}
 l - a scroll of identify {unknown}
 n - a scroll of enchant armour {unknown}
 q - a scroll of immolation {unknown}
 s - a scroll of torment {unknown}
Potions
 d - 2 potions of curing {unknown}
 f - a potion of mutation {unknown}
 m - a potion of might {unknown}
 o - a potion of flight {unknown}
 v - a potion of haste {unknown}


   Skills:
 * Level 5.5 Fighting
 * Level 5.4 Axes
 + Level 3.8 Armour
 + Level 3.4 Dodging


You had 4 spell levels left.
You didn't know any spells.
Your spell library was empty.

Dungeon Overview and Level Annotations

Branches:
Dungeon (5/15)
 Temple: D:4-7

Altars:
Ru

Shops:
D:1 (   D:5 [


Innate Abilities, Weirdness & Mutations

You have a pair of horns on your head.
You reflexively headbutt those who attack you in melee.


Message History

There is a stone staircase leading down here.
You feel sick. The water moccasin bites you.
* * * LOW HITPOINT WARNING * * *
The water moccasin bites you.
* * * LOW HITPOINT WARNING * * *
You climb downwards.
You feel sick.
Found a scroll labelled OMPUOZAOGA.
Found Ogaqilux's Armour Shoppe.
There is a stone staircase leading up here.
A red film seems to cover your vision as you go berserk!
You feel yourself moving faster!
You feel mighty!
You feel sick. The water moccasin barely misses you.
You slash the water moccasin!
The water moccasin is moderately wounded.
You barely miss the scorpion.
The water moccasin bites you but does no damage.
The scorpion stings you but does no damage.
Unknown command.
You completely miss the water moccasin.
Your headbutt misses the water moccasin.
The water moccasin is moderately wounded.
You barely miss the scorpion.
You feel sick.
You are no longer poisoned.
The water moccasin bites you but does no damage.
Unknown command.
You barely miss the water moccasin. You headbutt the water moccasin!
The water moccasin is severely wounded.
You hit the scorpion. The scorpion stings you.
* * * LOW HITPOINT WARNING * * *
The water moccasin bites you.
* * * LOW HITPOINT WARNING * * *
You are lethally poisoned!
The water moccasin poisons you!
You slash the water moccasin!
You kill the water moccasin!
Trog accepts your kill.
You slash the scorpion!
* * * LOW HITPOINT WARNING * * *
You feel very sick. The scorpion stings you.
You die...

.... # ...
#. ... ###.
.. ...###.#
#8...8#
#.##.....#
#.8..s@..#
#.....†..#
#8...∩...8#
#.......###
#.....?8.
#........
#8...8###
######


You could see a scorpion.

Vanquished Creatures
  A water moccasin (D:5)
  An ogre (D:4)
  A scorpion (D:3)
  An iguana (D:4)
  3 adders
  An adder skeleton (D:4)
  5 endoplasms
  3 giant cockroaches
  4 hobgoblins
  4 jackals (D:1)
  7 kobolds
  6 quokkas
  5 ball pythons
  8 bats
  3 frilled lizards
  8 goblins
  A quokka skeleton (D:4)
  6 rats
68 creatures vanquished.

Vanquished Creatures (others)
  5 toadstools (D:1)
5 creatures vanquished.

Grand Total: 73 creatures vanquished

Notes
Turn   | Place    | Note
-------+----------+-------------------------------------------
     0 | D:1      | Zeld the Minotaur Berserker began the quest for the Orb.
     0 | D:1      | Reached XP level 1. HP: 19/19 MP: 0/0
   218 | D:1      | Reached XP level 2. HP: 15/27 MP: 1/1
   380 | D:1      | Found a faded altar of an unknown god.
   754 | D:1      | Found Hoclul's Antique Weapon Shoppe.
  1486 | D:2      | Reached XP level 3. HP: 33/33 MP: 2/2
  1648 | D:2      | Reached ** piety under Trog
  2471 | D:3      | Found a sacrificial altar of Ru.
  2502 | D:3      | Noticed a scorpion
  2510 | D:3      | Killed a scorpion
  2511 | D:3      | Reached XP level 4. HP: 41/41 MP: 3/3
  2819 | D:3      | Reached skill level 5 in Fighting
  2993 | D:4      | Reached XP level 5. HP: 41/48 MP: 4/4
  3048 | D:4      | Reached skill level 5 in Axes
  3229 | D:4      | Noticed an ogre
  3242 | D:4      | Killed an ogre
  3504 | D:4      | Noticed a water moccasin
  3520 | D:5      | Entered Level 5 of the Dungeon
  3520 | D:5      | Found Ogaqilux's Armour Shoppe.
  3525 | D:5      | Killed a water moccasin
  3525 | D:5      | HP: 2/72 [poisoned by a water moccasin]
  3525 | D:5      | Slain by a scorpion

Illustrated notes

Levels and vault maps discovered:
D:1:      lemuel_arrival_lava_pool, layout_basic,
          chequers_ecumenical_altar_simple, serial_shops,
          nicolae_shop_competitors_out_of_business, minmay_misc_feat_iff,
          minmay_gold_behind_fungi, minivault_5, serial_bayou_crossing
D:2:      layout_basic
D:3:      layout_basic, nicolae_ru_the_path_less_chosen
D:4:      minmay_recursive_quarters, layout_loops_ring, serial_shops,
          kennysheep_mini_moat, minmay_quadrilaterals
D:5:      layout_loops_ring, mainiacjoe_overflow_surrounded_room,
          minmay_temple_entry_from_below_b, serial_shops, nicolae_shop_crystal,
          nicolae_lakefront_shop, nicolae_take_the_stairs,
          nicolae_stop_n_shop_1, minmay_crossroads

Skill      XL: |  1  2  3  4  5 |
---------------+----------------+-----
Fighting       | 4 5 |  5.5
Axes           | 4 5 |  5.4
Armour         | 3 |  3.8
Dodging        | 3 |  3.4

Action                   |  1- 3 |  4- 6 || total
-------------------------+-------+-------++-------
Melee: Hand axe          |   106 |    42 ||   148
       Headbutt          |     7 |    11 ||    18
       Punch             |     1 |       ||     1
Invok: Berserk           |     1 |     2 ||     3
 Stab: Sleeping          |     2 |       ||     2
Armor: Animal skin       |    24 |    13 ||    37
Dodge: Dodged            |    78 |    20 ||    98
